 Dungeon Crawl Stone Soup version 0.14-a0-19-g3ffea20 (webtiles) character file.

20525 PolkaDot the Conjurer (level 12, -6/79 HPs)
             Began as a Deep Elf Conjurer on Sept 25, 2013.
             Was a High Priest of Vehumet.
             Mangled by a nine-headed hydra (7 damage)
             ... on Level 3 of the Lair of Beasts on Sept 26, 2013.
             The game lasted 01:53:34 (17058 turns).

PolkaDot the Conjurer (Deep Elf Conjurer)          Turns: 17058, Time: 01:53:36

HP  -6/79        AC 13     Str  7      XL: 12   Next: 43%
MP   2/29        EV 13     Int 26      God: Vehumet [*****.]
Gold 305         SH  0     Dex 15      Spells:  8 memorised,  5 levels left

Res.Fire  : . . .   See Invis. : .   z - +4,+3 scimitar (freeze)
Res.Cold  : . . .   Warding    : .   p - +2 robe {MR+}
Life Prot.: . . .   Conserve   : .   (no shield)
Res.Poison: +       Res.Corr.  : .   (no helmet)
Res.Elec. : .       Clarity    : .   l - +1 cloak
Sust.Abil.: . .     Spirit.Shd : .   r - +1 pair of dwarf gauntlets
Res.Mut.  : .       Stasis     : .   I - +0 pair of boots
Res.Rott. : .       Flight     : .   d - amulet of the gourmand
Gourmand  : +                        D - ring of Vitality {Regen HP+15}
                                     x - cursed +4 ring of protection

@: very slightly contaminated, quite resistant to hostile enchantments, fairly
stealthy
A: hooves 1, fast metabolism 1, -10% mp, poison resistance, +10% hp, spit poison
1, wild magic 1, Int +2
a: Spit Poison, Renounce Religion


You were on level 3 of the Lair of Beasts.
You worshipped Vehumet.
Vehumet was extremely pleased with you.
You were very full.

You visited 2 branches of the dungeon, and saw 15 of its levels.

You collected 811 gold pieces.
You spent 526 gold pieces at shops.

Inventory:

Hand weapons
 z - a +4,+3 scimitar of freezing (weapon)
Armour
 l - a +1 cloak (worn)
 p - a +2 robe of magic resistance (worn)
 r - a +1 pair of dwarven gauntlets (worn)
 I - a +0 pair of boots (worn)
Comestibles
 a - a chunk of rat flesh
 c - a chunk of adder flesh
 n - a rotting chunk of sheep flesh
Jewellery
 b - an uncursed ring of sustain abilities {unknown}
 d - an amulet of the gourmand (around neck)
 x - a cursed +4 ring of protection (left hand)
 D - the ring of Vitality (right hand) {Regen HP+15}
   (You found it on level 4 of the Dungeon)

   [ring of regeneration]

   It affects your health (+15).


   Skills:
 + Level 3.4 Dodging
 - Level 2.4 Stealth
 * Level 10.8 Spellcasting
 - Level 12.0 Conjurations
 - Level 10.9 Charms
 - Level 10.7 Fire Magic
 - Level 10.8 Earth Magic


You had 5 spell levels left.
You knew the following spells:

 Your Spells              Type           Power        Failure   Level  Hunger
a - Magic Dart            Conj           ####         1%          1    None
c - Mephitic Cloud        Conj/Pois/Air  ######..     1%          3    None
d - Iskenderun's Mystic   Conj           #######.     1%          4    None
f - Iron Shot             Conj/Erth      #######...   4%          6    #####..
q - Iskenderun's Battles  Conj/Chrm      #######.     1%          4    None
s - Searing Ray           Conj           ######       1%          2    None
x - Sticky Flame          Conj/Fire      #######.     1%          4    None
z - Conjure Flame         Conj/Fire      #######.     1%          3    None


Dungeon Overview and Level Annotations

Branches:
Dungeon (12/27)            Temple (0/1) D:6             Orc (0/4) D:7
   Lair (3/8) D:12
  Swamp: Lair:3-6    Shoals: Lair:3-6     Snake: Lair:3-6    Spider: Lair:3-6

Altars:
Cheibriados
Okawaru
Sif Muna
Vehumet
Xom
the Shining One

Shops:
D:4 *[*   D:7 (   D:10 +   D:11 [

Portals:
Trove: D:11 (give +6,+5 demon blade)


Innate Abilities, Weirdness & Mutations

You have large cloven feet.
Your mind is acute. (Int +2)
You have a fast metabolism.
Your magical capacity is low (-10% MP).
Your system is resistant to poisons.
You are robust (+10% HP).
You can spit poison.
Your spells are a little harder to cast, but a little more powerful.


Message History

The eight-headed hydra closely misses you.
The eight-headed hydra bites you but does no damage.
The eight-headed hydra misses you. The eight-headed hydra bites you.
The eight-headed hydra bites you! The eight-headed hydra bites you.
The eight-headed hydra bites you.
The eight-headed hydra closely misses you.
You chop one of the eight-headed hydra's heads off!
The seven-headed hydra grows two more!
You slash the nine-headed hydra! You freeze the nine-headed hydra.
You kick the nine-headed hydra.
The nine-headed hydra is heavily wounded.
The nine-headed hydra burns!
The nine-headed hydra bites you!
The nine-headed hydra bites you but does no damage.
The nine-headed hydra bites you. The nine-headed hydra bites you!
* * * LOW HITPOINT WARNING * * *
The nine-headed hydra bites you!
* * * LOW HITPOINT WARNING * * *
The nine-headed hydra completely misses you.
The nine-headed hydra bites you!
You die...

.###......#.## #..
..##.........# #...
.##......#...###...
.#######......#.r.# .##
#.......Frr ..##
##.....#P#rr ...#
#..##### #§# ..## ##.P#
#§# .## #..## #@# .#
##..######D# #
.######......#.#.#P.###.
....#....................
.........#....###..#.#..
......................
..####[.....###..###...
...######......#... ...
.....#####...#####. .


You could see a nine-headed hydra (burning), a spiny frog, a porcupine and 4
green rats.

Vanquished Creatures
  2 hydras (Lair:2)
  Josephine (D:10)
  Urug (D:12)
  Nergalle (D:10)
  3 hill giants
  An oklob plant (Lair:1)
  Joseph (D:10)
  2 slime creatures (D:12)
  Maurice (D:10)
  3 spiny frogs
  An item mimic (D:10)
  Grinder (D:6)
  5 komodo dragons
  3 trolls
  A two-headed ogre (D:12)
  A fire drake (Lair:2)
  A trapdoor spider (D:12)
  A wraith (D:11)
  A wyvern (D:11)
  The ghost of Chonchonts the Ruffian, an average TrMo of Trog (D:4)
  A hungry ghost (D:8)
  3 vampire mosquitoes (D:12)
  Eustachio (D:6)
  2 hill giant zombies
  4 hippogriffs
  A steam dragon (D:12)
  Grum (D:10)
  A hill giant skeleton (D:11)
  3 wolves (D:10)
  2 manticores
  A mottled dragon (D:12)
  An ice beast (D:11)
  2 porcupines
  2 necrophages (D:10)
  2 orc warriors
  2 phantoms
  2 black bears
  A giant goldfish (D:10)
  4 sky beasts
  4 centaurs
  7 ogres
  Duvessa (D:6)
  2 crocodiles
  3 giant slugs (Lair:2)
  7 giant frogs
  A big kobold (D:12)
  A manticore zombie (D:10)
  4 water moccasins
  2 manticore skeletons
  An eye of draining (D:11)
  A jellyfish (D:10)
  18 killer bees
  An electric eel (D:10)
  3 wights (D:12)
  2 goliath beetles
  Dowan (D:6)
  11 crimson imps
  A centaur zombie (D:10)
  A giant frog skeleton (D:12)
  4 jellies
  A big fish (D:10)
  4 worker ants
  8 orc priests
  10 iguanas
  A water moccasin zombie (D:6)
  3 orc wizards
  3 scorpions
  A basilisk skeleton (D:12)
  10 hounds
  An ogre zombie (D:7)
  4 sheep (Lair:2)
  A yak simulacrum (D:10)
  Ijyb (D:5)
  Jessica (D:2)
  A crocodile skeleton (D:10)
  A mummy (D:12)
  A gnoll (D:1)
  24 adders
  16 green rats
  A shadow imp (D:6)
  2 giant centipedes
  A giant mite (D:3)
  6 worms
  An ufetubus (D:6)
  2 adder zombies
  A giant centipede zombie (D:12)
  7 giant geckos
  2 oozes
  32 orcs
  3 ball pythons
  19 bats
  4 giant cockroaches
  12 goblins
  19 hobgoblins
  28 jackals
  35 kobolds
  5 quokkas
  8 giant newts
  A hobgoblin zombie (D:9)
  A kobold zombie (D:5)
  An orc zombie (D:5)
  A quokka skeleton (D:5)
  17 rats
  A spectral orc (D:10)
  A plant (Lair:1)
447 creatures vanquished.

Notes
Turn   | Place    | Note
--------------------------------------------------------------
     0 | D:1      | PolkaDot, the Deep Elf Conjurer, began the quest for the Orb.
     0 | D:1      | Reached XP level 1. HP: 10/10 MP: 4/4
   206 | D:1      | Reached XP level 2. HP: 15/15 MP: 0/7
   800 | D:1      | Learned a level 2 spell: Searing Ray
   807 | D:1      | Reached XP level 3. HP: 19/19 MP: 0/10
  1793 | D:2      | Noticed Jessica
  1795 | D:2      | Killed Jessica
  1795 | D:2      | Reached skill level 5 in Conjurations
  1795 | D:2      | Reached XP level 4. HP: 24/24 MP: 11/14
  1942 | D:2      | Reached skill level 5 in Spellcasting
  2048 | D:2      | Found an iron altar of Okawaru.
  2542 | D:3      | Reached XP level 5. HP: 18/28 MP: 4/18
  2565 | D:3      | Gained mutation: You have large cloven feet. [potion of mutation]
  2565 | D:3      | Gained mutation: You evolve. [potion of mutation]
  2565 | D:3      | Gained mutation: You have a fast metabolism. [potion of mutation]
  2901 | D:3      | Reached skill level 6 in Conjurations
  3193 | D:3      | Reached XP level 6. HP: 32/32 MP: 8/20
  3222 | D:3      | Learned a level 4 spell: Iskenderun's Mystic Blast
  3227 | D:3      | Learned a level 4 spell: Iskenderun's Battlesphere
  3243 | D:3      | Found a radiant altar of Vehumet.
  3262 | D:3      | Found a snail-covered altar of Cheibriados.
  3267 | D:3      | Became a worshipper of Vehumet
  3500 | D:3      | Reached skill level 1 in Charms
  3733 | D:4      | Identified a scroll of acquirement
  3788 | D:4      | Noticed Chonchonts' ghost (average TrMo)
  3813 | D:4      | Killed Chonchonts' ghost
  3813 | D:4      | Reached skill level 7 in Conjurations
  4056 | D:4      | Found Ebunaita's General Store.
  4066 | D:4      | Bought a potion of curing for 22 gold pieces
  4066 | D:4      | Bought a potion of heal wounds for 33 gold pieces
  4175 | D:4      | Found Cump's Armour Emporium.
  4224 | D:4      | Found Ukhuech's Assorted Antiques.
  4478 | D:5      | Entered Level 5 of the Dungeon
  4493 | D:5      | Reached XP level 7. HP: 36/36 MP: 13/22
  4544 | D:5      | Noticed Ijyb
  4549 | D:5      | Killed Ijyb
  4565 | D:5      | Found a shimmering altar of Xom.
  4704 | D:5      | Reached skill level 8 in Conjurations
  4714 | D:5      | Gained mutation: Your magical capacity is low (-10% MP). [mutagenic meat]
  4971 | D:5      | Acquired Vehumet's first power
  4971 | D:5      | Offered knowledge of Shock by Vehumet.
  5045 | D:5      | Gained mutation: Your mind is acute. (Int +2) [evolution]
  5255 | D:5      | Reached skill level 5 in Charms
  5255 | D:5      | Reached XP level 8. HP: 41/41 MP: 11/22
  5259 | D:5      | Found an iron altar of Okawaru.
  5568 | D:6      | Found a staircase to the Ecumenical Temple.
  5624 | D:6      | Noticed Eustachio
  5636 | D:6      | Killed Eustachio
  5636 | D:6      | Reached skill level 9 in Conjurations
  5701 | D:6      | Noticed Duvessa
  5711 | D:6      | Killed Duvessa
  5712 | D:6      | Noticed Dowan
  5716 | D:6      | Noticed Grinder
  5727 | D:6      | Paralysed by Grinder for 2 turns
  5732 | D:6      | Killed Grinder
  5767 | D:6      | Killed Dowan
  5874 | D:6      | Gained mutation: You are robust (+10% HP). [evolution]
  6003 | D:6      | Offered knowledge of Flame Tongue by Vehumet.
  6036 | D:6      | Learned a level 6 spell: Iron Shot
  6202 | D:6      | Reached skill level 10 in Conjurations
  6411 | D:7      | Reached XP level 9. HP: 49/49 MP: 13/25
  6899 | D:7      | Reached skill level 1 in Earth Magic
  6902 | D:7      | Found a staircase to the Orcish Mines.
  6904 | D:7      | Found Clecew's Weapon Shop.
  7634 | D:8      | Reached skill level 11 in Conjurations
  7713 | D:8      | Offered knowledge of Conjure Flame by Vehumet.
  7724 | D:8      | Learned a level 3 spell: Conjure Flame
  7857 | D:8      | Gained mutation: You can spit poison. [evolution]
  8012 | D:8      | Reached skill level 1 in Fire Magic
  8208 | D:9      | Acquired Vehumet's second power
  8704 | D:9      | Reached skill level 12 in Conjurations
  8717 | D:9      | Offered knowledge of Mephitic Cloud by Vehumet.
  8717 | D:9      | Reached XP level 10. HP: 55/55 MP: 20/26
  8722 | D:9      | Learned a level 3 spell: Mephitic Cloud
  9017 | D:10     | Entered Level 10 of the Dungeon
  9017 | D:10     | Noticed Josephine
  9065 | D:10     | Found Socin's Book Boutique.
  9087 | D:10     | Bought a book of Wizardry for 390 gold pieces
  9145 | D:10     | Noticed Nergalle
  9331 | D:10     | Noticed a hill giant
  9344 | D:10     | Killed a hill giant
  9344 | D:10     | Reached skill level 5 in Earth Magic
  9380 | D:10     | Killed Josephine
  9380 | D:10     | Reached skill level 5 in Fire Magic
  9401 | D:10     | Acquired Vehumet's third power
  9546 | D:10     | Noticed Grum
  9549 | D:10     | Noticed Maurice
  9557 | D:10     | Killed Grum
  9557 | D:10     | Offered knowledge of Sticky Flame by Vehumet.
  9592 | D:10     | Gained mutation: Your system is resistant to poisons. [evolution]
  9636 | D:10     | Killed Maurice
  9687 | D:10     | Killed Nergalle
  9968 | D:10     | Reached XP level 11. HP: 59/59 MP: 14/27
  9975 | D:10     | Reached skill level 10 in Charms
 10059 | D:10     | Learned a level 4 spell: Sticky Flame
 10242 | D:10     | Noticed Joseph
 10266 | D:10     | Killed Joseph
 10770 | D:11     | Found a portal to a secret trove of treasure.
 11008 | D:11     | Found Udunuhe's Armour Boutique.
 11031 | D:11     | Identified the Collected Works on the Escort (You found it on level 11 of the Dungeon)
 11152 | D:11     | Bought a +1 pair of dwarven gauntlets for 81 gold pieces
 12377 | D:12     | Noticed Urug
 12403 | D:12     | Killed Urug
 12527 | D:12     | Offered knowledge of Bolt of Draining by Vehumet.
 12585 | D:12     | Paralysed by you for 7 turns
 12689 | D:12     | Found a glowing golden altar of the Shining One.
 12915 | D:12     | Noticed a hill giant
 12923 | D:12     | Killed a hill giant
 13543 | D:12     | Noticed a hill giant
 13566 | D:12     | Killed a hill giant
 13744 | D:12     | Reached skill level 10 in Earth Magic
 13857 | D:12     | Found a glowing golden altar of the Shining One.
 14397 | D:12     | Reached XP level 12. HP: 64/64 MP: 17/28
 14458 | D:12     | Reached skill level 10 in Fire Magic
 14716 | D:12     | Found a staircase to the Lair.
 14725 | Lair:1   | Entered Level 1 of the Lair of Beasts
 14946 | Lair:1   | Gained mutation: Your spells are a little harder to cast, but a little more powerful. [evolution]
 14946 | Lair:1   | Lost mutation: You evolve. [end of evolution]
 15266 | Lair:1   | Found a deep blue altar of Sif Muna.
 15839 | Lair:2   | Noticed an eight-headed hydra
 15859 | Lair:2   | Killed an eight-headed hydra
 16114 | Lair:2   | Offered knowledge of Delayed Fireball by Vehumet.
 16118 | Lair:2   | Reached skill level 10 in Spellcasting
 16383 | Lair:2   | Noticed an eight-headed hydra
 16388 | Lair:2   | Killed an eight-headed hydra
 17050 | Lair:3   | Noticed a seven-headed hydra
 17058 | Lair:3   | HP: 1/79 [nine-headed hydra (16)]
 17058 | Lair:3   | Mangled by a nine-headed hydra

Action                   |  1- 3 |  4- 6 |  7- 9 | 10-12 || total
-------------------------+-------+-------+-------+-------++-------
Melee: Unarmed           |     3 |       |       |       ||     3
       Dagger            |    16 |    17 |     3 |    57 ||    93
       Short sword       |       |       |     4 |       ||     4
       Scimitar          |       |       |       |    52 ||    52
 Cast: Magic Dart        |    95 |   129 |   230 |   194 ||   648
       Searing Ray       |     1 |    17 |    61 |    86 ||   165
       Iskenderun's Batt |       |       |     1 |     1 ||     2
       Conjure Flame     |       |       |       |    75 ||    75
       Mephitic Cloud    |       |       |       |    11 ||    11
       Iskenderun's Myst |       |       |       |    14 ||    14
       Sticky Flame      |       |       |       |    39 ||    39
       Iron Shot         |       |       |       |    22 ||    22
Evoke: Wand              |       |       |     6 |     4 ||    10
  Use: Scroll            |     2 |     4 |    19 |     8 ||    33
       Potion            |       |     3 |     3 |     3 ||     9
 Stab: Sleeping          |     1 |       |       |       ||     1
       Confused          |       |       |       |     4 ||     4
